| TOP OF THE 1ST |
|
Augusta GreenJackets batting - Pitching for Lakewood BlueClaws : RHP Jeff Dailey
|
|
Pitching: RHP Jeff Dailey
|
|
|
Batting: RHB Danny Gallo
|
0-0: Called Strike 0-1: Swinging Strike 0-2: Ball 1-2: Foul Ball, location: 2F 1-2: Ground out 4-3 (Groundball, 4, EV 86.3 MPH)
|
|
Batting: RHB Chris King
|
0-0: Called Strike 0-1: Ground out 6-3 (Groundball, 6, EV 86.9 MPH)
|
|
Batting: LHB Carey Horncole
|
0-0: Swinging Strike 0-1: Ball 1-1: Foul Ball, location: 2F 1-2: Ball 2-2: Strikes out swinging
|
| Top of the 1st over - 0 runs, 0 hits, 0 errors, 0 left on base; Augusta 0 - Lakewood 0 |
| BOTTOM OF THE 1ST |
|
Lakewood BlueClaws batting - Pitching for Augusta GreenJackets : RHP Israel Alvarado
|
|
Pitching: RHP Israel Alvarado
|
|
|
Batting: RHB Steve Jones
|
0-0: Ball 1-0: Ground out 4-3 (Groundball, 4, EV 84.4 MPH)
|
|
Batting: SHB Bob Dixon
|
0-0: Ground out 4-3 (Groundball, 4, EV 75.6 MPH)
|
|
Batting: RHB Victor Arroyo
|
0-0: Called Strike 0-1: Ball 1-1: Called Strike 1-2: Ball 2-2: Strikes out swinging
|
| Bottom of the 1st over - 0 runs, 0 hits, 0 errors, 0 left on base; Augusta 0 - Lakewood 0 |
| TOP OF THE 2ND |
|
Augusta GreenJackets batting - Pitching for Lakewood BlueClaws : RHP Jeff Dailey
|
|
Batting: LHB Gabe Velez
|
0-0: Ball 1-0: Swinging Strike 1-1: Foul Ball, location: 2F 1-2: Foul Ball, location: 2F 1-2: SINGLE (Line Drive, 78M, EV 108.1 MPH)
|
|
Batting: LHB Terry Ebersole
|
0-0: Called Strike 0-1: Called Strike 0-2: Fielders Choice at 2nd, 4-6 (Groundball, 4, EV 80.6 MPH)
|
|
Batting: LHB Pong-keun Koh
|
0-0: Foul Ball, location: 2F 0-1: Ball 1-1: Foul Ball, location: 2F 1-2: Ball 2-2: Fielders Choice at 2nd, 4-6 (Groundball, 4, EV 105.6 MPH)
|
|
Batting: RHB Devin Lowery
|
0-0: Ball 1-0: Ball 2-0: Fly out, F9 (Flyball, 9LD, EV 95.0 MPH)
|
| Top of the 2nd over - 0 runs, 1 hit, 0 errors, 1 left on base; Augusta 0 - Lakewood 0 |
| BOTTOM OF THE 2ND |
|
Lakewood BlueClaws batting - Pitching for Augusta GreenJackets : RHP Israel Alvarado
|
|
Batting: RHB Danny Krug
|
0-0: Called Strike 0-1: Called Strike 0-2: Ball 1-2: Ball 2-2: Foul Ball, location: 2F 2-2: Strikes out looking
|
|
Batting: RHB Roberto Ruiz
|
0-0: Foul Ball, location: 2F 0-1: Swinging Strike 0-2: Foul Ball, location: 2F 0-2: Foul Ball, location: 2F 0-2: Ball 1-2: Ball 2-2: Strikes out looking
|
|
Batting: RHB Kyle Morse
|
0-0: Swinging Strike 0-1: Foul Ball, location: 2F 0-2: Ball 1-2: Strikes out swinging
|
| Bottom of the 2nd over - 0 runs, 0 hits, 0 errors, 0 left on base; Augusta 0 - Lakewood 0 |
| TOP OF THE 3RD |
|
Augusta GreenJackets batting - Pitching for Lakewood BlueClaws : RHP Jeff Dailey
|
|
Batting: RHB Sam Smith
|
0-0: Ball 1-0: SINGLE (Line Drive, 7S, EV 86.3 MPH)
|
|
Batting: RHB Alfredo Lemus
|
0-0: Called Strike 0-1: Foul Ball, location: 2F 0-2: Strikes out swinging
|
|
Batting: RHB Danny Gallo
|
0-0: Ball 1-0: Grounds into double play, 6-4-3 (Groundball, 6, EV 100.6 MPH)
|
| Top of the 3rd over - 0 runs, 1 hit, 0 errors, 0 left on base; Augusta 0 - Lakewood 0 |
| BOTTOM OF THE 3RD |
|
Lakewood BlueClaws batting - Pitching for Augusta GreenJackets : RHP Israel Alvarado
|
|
Batting: LHB Troy Hodge
|
0-0: Called Strike 0-1: Ball 1-1: Swinging Strike 1-2: Ball 2-2: Strikes out swinging
|
|
Batting: RHB Pedro Mata
|
0-0: Called Strike 0-1: Ball 1-1: Foul Ball, location: 2F 1-2: SINGLE (Flyball, 78S, EV 96.3 MPH)
|
|
Batting: SHB Mike Rueth
|
0-0: Ball 1-0: Foul Ball, location: 2F 1-1: Ball 2-1: Swinging Strike 2-2: Strikes out swinging
|
|
Batting: RHB Steve Jones
|
0-0: Fly out, F3 (Line Drive, 3, EV 75.0 MPH)
|
| Bottom of the 3rd over - 0 runs, 1 hit, 0 errors, 1 left on base; Augusta 0 - Lakewood 0 |
| TOP OF THE 4TH |
|
Augusta GreenJackets batting - Pitching for Lakewood BlueClaws : RHP Jeff Dailey
|
|
Batting: RHB Chris King
|
0-0: Ball 1-0: Ball 2-0: Ball 3-0: Called Strike 3-1: Swinging Strike 3-2: Base on Balls
|
|
Batting: LHB Carey Horncole
|
0-0: Foul Ball, location: 2F 0-1: Ball 1-1: Ball Wild Pitch! Chris King to second 2-1: Called Strike 2-2: Foul Ball, location: 2F 2-2: Strikes out looking
|
|
Batting: LHB Gabe Velez
|
0-0: Ball 1-0: Foul Ball, location: 2F 1-1: Ball Wild Pitch! Chris King to third 2-1: DOUBLE (Flyball, 78XD, EV 106.3 MPH) Chris King scores
|
|
Batting: LHB Terry Ebersole
|
0-0: Ball 1-0: Foul Ball, location: 2F 1-1: DOUBLE (Line Drive, 89D, EV 100.6 MPH) Gabe Velez scores
|
|
Batting: LHB Pong-keun Koh
|
0-0: Ball 1-0: Foul Ball, location: 2F 1-1: Ball 2-1: Ball 3-1: Base on Balls
|
|
Batting: RHB Devin Lowery
|
0-0: Ball 1-0: Fly out, F9 (Flyball, 89M, EV 92.5 MPH)
|
|
Batting: RHB Sam Smith
|
0-0: Called Strike 0-1: Ground out 4-3 (Groundball, 4, EV 77.5 MPH)
|
| Top of the 4th over - 2 runs, 2 hits, 0 errors, 2 left on base; Augusta 2 - Lakewood 0 |
| BOTTOM OF THE 4TH |
|
Lakewood BlueClaws batting - Pitching for Augusta GreenJackets : RHP Israel Alvarado
|
|
Batting: SHB Bob Dixon
|
0-0: Ball 1-0: Foul Ball, location: 2F 1-1: Called Strike 1-2: Strikes out swinging
|
|
Batting: RHB Victor Arroyo
|
0-0: Ball 1-0: Ball 2-0: Called Strike 2-1: Foul Ball, location: 2F 2-2: Foul Ball, location: 2F 2-2: Ball 3-2: SINGLE (Groundball, 56D, EV 107.5 MPH)
|
|
Batting: RHB Danny Krug
|
0-0: Called Strike 0-1: Swinging Strike 0-2: Ball 1-2: Ball 2-2: Strikes out swinging
|
|
Batting: RHB Roberto Ruiz
|
0-0: Called Strike 0-1: Swinging Strike 0-2: Foul Ball, location: 2F 0-2: Ball 1-2: Strikes out swinging
|
| Bottom of the 4th over - 0 runs, 1 hit, 0 errors, 1 left on base; Augusta 2 - Lakewood 0 |
| TOP OF THE 5TH |
|
Augusta GreenJackets batting - Pitching for Lakewood BlueClaws : RHP Jeff Dailey
|
|
Batting: RHB Alfredo Lemus
|
0-0: Called Strike 0-1: Ball 1-1: Foul Ball, location: 2F 1-2: Strikes out swinging
|
|
Batting: RHB Danny Gallo
|
0-0: Called Strike 0-1: Called Strike 0-2: Foul Ball, location: 2F 0-2: Ball 1-2: Ball 2-2: Foul Ball, location: 2F 2-2: Ground out 5-3 (Groundball, 56, EV 79.4 MPH)
|
|
Batting: RHB Chris King
|
0-0: SINGLE (Line Drive, 56D, EV 95.0 MPH)
|
|
Batting: LHB Carey Horncole
|
0-0: Called Strike 0-1: Ball 1-1: Called Strike 1-2: Ball 2-2: Strikes out swinging
|
| Top of the 5th over - 0 runs, 1 hit, 0 errors, 1 left on base; Augusta 2 - Lakewood 0 |
| BOTTOM OF THE 5TH |
|
Lakewood BlueClaws batting - Pitching for Augusta GreenJackets : RHP Israel Alvarado
|
|
Batting: RHB Kyle Morse
|
0-0: Ball 1-0: Foul Ball, location: 2F 1-1: Called Strike 1-2: Ball 2-2: Ball 3-2: Strikes out looking
|
|
Batting: LHB Troy Hodge
|
0-0: Fly out, F8 (Flyball, 8LM, EV 73.8 MPH)
|
|
Batting: RHB Pedro Mata
|
0-0: Ball 1-0: Foul Ball, location: 2F 1-1: Called Strike 1-2: Ball 2-2: Foul Ball, location: 2F 2-2: Strikes out swinging
|
| Bottom of the 5th over - 0 runs, 0 hits, 0 errors, 0 left on base; Augusta 2 - Lakewood 0 |
| TOP OF THE 6TH |
|
Augusta GreenJackets batting - Pitching for Lakewood BlueClaws : RHP Jeff Dailey
|
|
Batting: LHB Gabe Velez
|
0-0: DOUBLE (Line Drive, 7LM, EV 105.6 MPH)
|
|
Batting: LHB Terry Ebersole
|
0-0: Ball 1-0: Ball 2-0: Called Strike 2-1: Foul Ball, location: 2F 2-2: Fly out, F7 (Line Drive, 7, EV 90.0 MPH) Lined into DP, 7-4 (Line Drive, 7, EV 90.0 MPH)
|
|
Batting: LHB Pong-keun Koh
|
0-0: Called Strike 0-1: Ball 1-1: Swinging Strike 1-2: Strikes out swinging
|
| Top of the 6th over - 0 runs, 1 hit, 0 errors, 0 left on base; Augusta 2 - Lakewood 0 |
| BOTTOM OF THE 6TH |
|
Lakewood BlueClaws batting - Pitching for Augusta GreenJackets : RHP Israel Alvarado
|
|
Batting: SHB Mike Rueth
|
0-0: Called Strike 0-1: Ball 1-1: Called Strike 1-2: Strikes out swinging
|
|
Batting: RHB Steve Jones
|
0-0: SINGLE (Line Drive, 7S, EV 101.3 MPH)
|
|
Batting: SHB Bob Dixon
|
0-0: Foul Ball, location: 2F 0-1: SINGLE (Line Drive, 8LS, EV 106.3 MPH) Steve Jones to second
|
|
Batting: RHB Victor Arroyo
|
0-0: Called Strike 0-1: Ball 1-1: Swinging Strike 1-2: Ball 2-2: Foul Ball, location: 2F 2-2: SINGLE (Groundball, 4, EV 97.5 MPH) Steve Jones to third Bob Dixon to second Runner from 3rd tries for Home, SAFE, throw by CF to home
|
|
Batting: RHB Danny Krug
|
0-0: Ball 1-0: Called Strike 1-1: Called Strike 1-2: Strikes out swinging
|
|
Batting: RHB Roberto Ruiz
|
0-0: Fielders Choice at 2nd, 5-4 (Groundball, 56, EV 104.4 MPH)
|
| Bottom of the 6th over - 1 run, 3 hits, 0 errors, 2 left on base; Augusta 2 - Lakewood 1 |
| TOP OF THE 7TH |
|
Augusta GreenJackets batting - Pitching for Lakewood BlueClaws : RHP Jeff Dailey
|
|
Batting: RHB Devin Lowery
|
0-0: Called Strike 0-1: Ground out 6-3 (Groundball, 6, EV 85.0 MPH)
|
|
Batting: RHB Sam Smith
|
0-0: Called Strike 0-1: Ball 1-1: Ball 2-1: Foul Ball, location: 2F 2-2: Strikes out swinging
|
|
Batting: RHB Alfredo Lemus
|
0-0: Ground out 6-3 (Groundball, 6, EV 82.5 MPH)
|
| Top of the 7th over - 0 runs, 0 hits, 0 errors, 0 left on base; Augusta 2 - Lakewood 1 |
| BOTTOM OF THE 7TH |
|
Lakewood BlueClaws batting - Pitching for Augusta GreenJackets : RHP Israel Alvarado
|
|
Batting: RHB Kyle Morse
|
0-0: Ball 1-0: Called Strike 1-1: Swinging Strike 1-2: Ball 2-2: Strikes out swinging
|
|
Batting: LHB Troy Hodge
|
0-0: Called Strike 0-1: Ball 1-1: Swinging Strike 1-2: Strikes out swinging
|
|
Batting: RHB Pedro Mata
|
0-0: Ball 1-0: Foul Ball, location: 2F 1-1: Foul Ball, location: 2F 1-2: Ball 2-2: Strikes out swinging
|
| Bottom of the 7th over - 0 runs, 0 hits, 0 errors, 0 left on base; Augusta 2 - Lakewood 1 |
| TOP OF THE 8TH |
|
Augusta GreenJackets batting - Pitching for Lakewood BlueClaws : RHP Jeff Dailey
|
|
Batting: RHB Danny Gallo
|
0-0: Ball 1-0: Ground out 1-3 (Groundball, 13S, EV 68.1 MPH)
|
|
Batting: RHB Chris King
|
0-0: Fly out, F4 (Flyball, 4D, EV 92.5 MPH)
|
|
Batting: LHB Carey Horncole
|
0-0: Swinging Strike 0-1: Foul Ball, location: 2F 0-2: Strikes out swinging, 2-3 out at first.
|
| Top of the 8th over - 0 runs, 0 hits, 0 errors, 0 left on base; Augusta 2 - Lakewood 1 |
| BOTTOM OF THE 8TH |
|
Lakewood BlueClaws batting - Pitching for Augusta GreenJackets : RHP Israel Alvarado
|
|
Pitching: RHP Lorenzo Merjil
|
|
|
Batting: SHB Mike Rueth
|
0-0: Ball 1-0: SINGLE (Groundball, 4D, EV 102.5 MPH)
|
|
Batting: RHB Steve Jones
|
0-0: Ball 1-0: Called Strike 1-1: Foul Ball, location: 2F 1-2: Grounds into double play, 4-6-3 (Groundball, 34, EV 85.0 MPH)
|
|
Batting: SHB Bob Dixon
|
0-0: Called Strike 0-1: Ball 1-1: Ball 2-1: Ball 3-1: Foul Ball, location: 2F 3-2: Base on Balls
|
|
Batting: RHB Victor Arroyo
|
0-0: Ball 1-0: Called Strike 1-1: Swinging Strike 1-2: Strikes out swinging
|
| Bottom of the 8th over - 0 runs, 1 hit, 0 errors, 1 left on base; Augusta 2 - Lakewood 1 |
| TOP OF THE 9TH |
|
Augusta GreenJackets batting - Pitching for Lakewood BlueClaws : RHP Jeff Dailey
|
|
Batting: LHB Gabe Velez
|
0-0: Called Strike 0-1: DOUBLE (Line Drive, 89D, EV 106.9 MPH)
|
|
Pitching: LHP Ryan Jansma
|
|
|
Batting: LHB Terry Ebersole
|
0-0: Ball 1-0: Ground out U3 (Groundball, 3, EV 110.6 MPH) Gabe Velez to third
|
|
Batting: LHB Pong-keun Koh
|
0-0: Called Strike 0-1: Ball 1-1: Ball 2-1: Ground out 1-3 (Groundball, 15S, EV 75.6 MPH)
|
|
Batting: RHB Devin Lowery
|
0-0: Fly out, F3 (Popup, 3SF, EV 71.3 MPH)
|
| Top of the 9th over - 0 runs, 1 hit, 0 errors, 1 left on base; Augusta 2 - Lakewood 1 |
| BOTTOM OF THE 9TH |
|
Lakewood BlueClaws batting - Pitching for Augusta GreenJackets : RHP Lorenzo Merjil
|
|
Pitching: LHP Travis Stichter
|
|
|
Batting: RHB Danny Krug
|
0-0: Ball 1-0: Ball 2-0: Called Strike 2-1: Foul Ball, location: 2F 2-2: Ball 3-2: Base on Balls
|
|
Batting: RHB Roberto Ruiz
|
0-0: Ball 1-0: Fly out, F9 (Flyball, 89S, EV 86.9 MPH)
|
|
Batting: RHB Kyle Morse
|
0-0: Called Strike 0-1: Ball 1-1: Ball 2-1: Grounds into double play, 4-6-3 (Groundball, 4, EV 78.1 MPH)
|
| Bottom of the 9th over - 0 runs, 0 hits, 0 errors, 0 left on base; Augusta 2 - Lakewood 1 |
|